 Dungeon Crawl Stone Soup version 0.18.1-50-g88ac8fd (webtiles) character file.

24421 ololoev the Eclecticist (level 12, -2/64 HPs)
             Began as a Deep Elf Fire Elementalist on Nov 2, 2016.
             Was a High Priest of Vehumet.
             Shot with a bolt by an orc knight (27 damage)
             ... on level 2 of the Orcish Mines.
             The game lasted 01:18:43 (6984 turns).

ololoev the Eclecticist (DEFE)                      Turns: 6984, Time: 01:18:44

Health: -2/64      AC:  7    Str:  5    XL:     12   Next: 80%
Magic:  44/48      EV: 14    Int: 26    God:    Vehumet [*****.]
Gold:   887        SH:  4    Dex: 15    Spells: 5 memorised, 25 levels left

rFire  . . .     SeeInvis .     a - staff of power
rCold  + . .     Gourm    .     g - +2 robe {rC+}
rNeg   + . .     Faith    .     (no shield)
rPois  .         Spirit   .     m - +0 helmet
rElec  .         Dismiss  .     (no cloak)
rCorr  .         Reflect  +     y - +1 pair of gloves
SustAt .         Harm     .     (no boots)
MR     ++...                    F - +4 amulet of reflection
Stlth  ++........               G - ring of protection from magic
                                A - ring of positive energy

@: very slightly contaminated, very resistant to hostile enchantments,
unstealthy
A: wild magic 1
a: Renounce Religion


Innate Abilities, Weirdness & Mutations

Your spells are a little harder to cast, but a little more powerful.

Inventory:

Hand Weapons
 b - a +6 flail of protection
Missiles
 P - 6 throwing nets (quivered)
Armour
 g - a +2 robe of cold resistance (worn)
 m - a +0 helmet (worn)
 y - a +1 pair of gloves (worn)
Magical Staves
 a - an uncursed staff of power (weapon)
Jewellery
 i - an uncursed ring of see invisible {unknown}
 k - a +2 ring of intelligence {unknown}
 l - an uncursed ring of flight {unknown}
 r - an uncursed ring of see invisible {unknown}
 A - a ring of positive energy (left hand)
 F - a +4 amulet of reflection (around neck)
 G - a ring of protection from magic (right hand)
Wands
 p - a wand of polymorph (24/24)
Scrolls
 d - 5 scrolls of teleportation
 f - 2 scrolls of blinking
 s - a scroll of holy word
 x - 2 scrolls of magic mapping {unknown}
 D - a scroll of recharging
 H - a scroll of immolation {unknown}
Potions
 e - 2 potions of might
 j - a potion of invisibility {unknown}
 o - 2 potions of cancellation {unknown}
 t - a potion of berserk rage {unknown}
 u - a potion of heal wounds {unknown}
 v - a potion of haste
 w - 4 potions of curing
 z - a potion of magic {unknown}
 B - a potion of lignification {unknown}
 C - 2 potions of flight {unknown}
 I - a potion of brilliance {unknown}
 M - 3 potions of ambrosia {unknown}
Books
 q - a book of Flames

   Spells                             Type                      Level
   a - Flame Tongue                   Conjuration/Fire             1
   b - Throw Flame                    Conjuration/Fire             2
   c - Conjure Flame                  Conjuration/Fire             3
   d - Inner Flame                    Hexes/Fire                   3
   e - Sticky Flame                   Conjuration/Fire             4
   f - Fireball                       Conjuration/Fire             5
Comestibles
 c - 5 bread rations
 h - a slice of pizza
 n - 4 beef jerkies
 E - 3 meat rations
 J - 2 fruits
 K - 8 chunks of flesh


   Skills:
 + Level 2.5 Fighting
 + Level 4.6 Dodging
 - Level 2.4 Stealth
 + Level 15.4 Spellcasting
 + Level 13.1 Conjurations
 + Level 13.5 Fire Magic


You had 25 spell levels left.
You knew the following spells:

 Your Spells              Type           Power        Failure   Level  Hunger
a - Flame Tongue          Conj/Fire      #####        1%          1    None
b - Conjure Flame         Conj/Fire      #######.     1%          3    None
c - Sticky Flame          Conj/Fire      #######.     1%          4    None
d - Fireball              Conj/Fire      #######...   1%          5    None
e - Inner Flame           Hex/Fire       ######..     1%          3    None


You were on level 2 of the Orcish Mines.
You worshipped Vehumet.
Vehumet was extremely pleased with you.
You were not hungry.

You visited 3 branches of the dungeon, and saw 15 of its levels.
You also visited: Bailey and Ice Cave.

You collected 1003 gold pieces.
You spent 116 gold pieces at shops.

. #§# . #o###### ..
###....o.# ..
.#######'### . ####.#
#.....# ####....#
#.._..+ ##......#
#...).#
........########'###.#
.....)...#.....#@....#
....<....#.....#.#####
....)....#..⌠..'[#).∩#
.........#...).#.'...#
#........#...).#.#...#
###......###)###.#####
.###...........#.#
..##........)..#.+
#####.........##.#

Notes
Turn   | Place    | Note
--------------------------------------------------------------
     0 | D:1      | ololoev the Deep Elf Fire Elementalist began the quest for the Orb.
     0 | D:1      | Reached XP level 1. HP: 10/10 MP: 6/6
   189 | D:1      | jacquesderrida: Словинские идут на турнир?
   198 | D:1      | ololoev: da
   198 | D:1      | jacquesderrida: Два дня до него, вроде.........
   198 | D:1      | jacquesderrida: Вчера только узнал
   198 | D:1      | ololoev: ldf xeno defe uje est
   219 | D:2      | jacquesderrida: че за лдф
   221 | D:2      | Reached XP level 2. HP: 14/15 MP: 6/8
   226 | D:2      | ololoev: !lg ldf /won
   226 | D:2      | beem: 101/740 games for ldf: N=101/740 (13.65%)
   248 | D:2      | jacquesderrida: кто ета
   250 | D:2      | jacquesderrida: че за перец...
   250 | D:2      | ololoev: slovinski
   298 | D:2      | jacquesderrida: Почему я не знаю...
   304 | D:2      | jacquesderrida: ехххх...
   313 | D:2      | ololoev: on tixo sebya vedet
   350 | D:2      | jacquesderrida: ну ето не интересно...
   393 | D:2      | Reached XP level 3. HP: 11/19 MP: 1/10
   403 | D:2      | Learned a level 3 spell: Conjure Flame
   407 | D:2      | Learned a level 3 spell: Inner Flame
   438 | D:2      | Reached skill level 4 in Spellcasting
   456 | D:2      | jacquesderrida: Вчера про генную мутацию прочитал перед сном
   476 | D:2      | jacquesderrida: Так впечатлило, что она мне приснилась...
   481 | D:2      | ololoev: lol
   550 | D:2      | Reached XP level 4. HP: 23/24 MP: 8/12
   557 | D:2      | jacquesderrida: Очень редкая, и потому страшная такая
   562 | D:2      | Learned a level 4 spell: Sticky Flame
   564 | D:3      | ololoev: che za mutka?
   581 | D:3      | jacquesderrida: Когда человек повреждает мягкие ткани, организм на их месте регенерирует костную ткань...
   624 | D:3      | jacquesderrida: В том числе сухожилия, мышцы, etc
   624 | D:3      | ololoev: otstoi takim byt
   624 | D:3      | ololoev: no
   624 | D:3      | jacquesderrida: Почти у всех больных к сорока годам не остается мышц
   624 | D:3      | ololoev: mojno sdelat bone plated arms
   628 | D:3      | jacquesderrida: Хех...
   646 | D:3      | Found an opulent altar of Gozag.
   662 | D:3      | jacquesderrida: В реальности с такой штукой двигаться нельзя...
   693 | D:4      | jacquesderrida: Девочке-тинейджеру предложили выбор: прожить остаток жизни лежа или сидя
   697 | D:4      | jacquesderrida: На ее вкус...
   708 | D:4      | Noticed Robin
   755 | D:4      | jacquesderrida: Почти как докинз, но докинз хоть мягкий, его можно в стульчик усадить, в кровать...
   798 | D:4      | jacquesderrida: А эти ребята просто превращаются в деревяшку, живут внутри пинокио...
   802 | D:4      | Killed Robin
   834 | D:4      | jacquesderrida: strashna!
   857 | D:4      | Found Waxiuzxi's Assorted Antiques.
   863 | D:4      | ololoev: xorosho chto redko
   863 | D:4      | jacquesderrida: Аквайрмент за 31 рубль
   873 | D:4      | Reached skill level 5 in Spellcasting
   873 | D:4      | Reached XP level 5. HP: 28/28 MP: 0/14
   886 | D:4      | Found Ituetuol's Gadget Emporium.
   896 | D:4      | jacquesderrida: Редко, да
   907 | D:4      | jacquesderrida: Но таких хуевин тысячи
   923 | D:4      | Found Cuwnil's Weapon Shoppe.
   936 | D:4      | jacquesderrida: Вот и получается, что процентов 5 от популяции -- разных родов каличи
   946 | D:4      | jacquesderrida: Бида!
   955 | D:4      | jacquesderrida: GENE ENGENEERING WHEN
  1044 | D:5      | Entered Level 5 of the Dungeon
  1078 | D:4      | jacquesderrida: Хотя кого ебет, все равно три четверти больных никто не будет лечить...
  1078 | D:4      | Found Asinwa's Armour Shoppe.
  1084 | D:4      | Reached skill level 5 in Fire Magic
  1084 | D:4      | Reached XP level 6. HP: 25/32 MP: 4/16
  1091 | D:4      | Learned a level 5 spell: Fireball
  1094 | D:4      | jacquesderrida: bombanoolo
  1140 | D:4      | Bought a scroll labeled WEM XISSUD for 31 gold pieces
  1140 | D:4      | Bought a scroll labeled DUPIRPHU PESTI for 31 gold pieces
  1196 | D:4      | ololoev: lol otkuda?
  1196 | D:4      | jacquesderrida: Гаммафанка на когмайнд подсадил
  1250 | D:5      | jacquesderrida: Он решил победить zxc...
  1341 | D:4      | Noticed Grinder
  1347 | D:4      | jacquesderrida: !hs zxc
  1348 | D:4      | beem: 108. zzxc the Conqueror (L27 GrFi of The Shining One), escaped with the Orb and 15 runes on 2014-10-27 10:03:57, with 29511489 points after 50063 turns and 14:16:19.
  1348 | D:4      | jacquesderrida: А не, он стрикер
  1350 | D:4      | jacquesderrida: Как стрики посмотреть?
  1354 | D:4      | Killed Grinder
  1354 | D:4      | Reached skill level 6 in Spellcasting
  1354 | D:4      | Reached XP level 7. HP: 21/36 MP: 7/18
  1355 | D:4      | jacquesderrida: !streak zxc
  1355 | D:4      | beem: zxc has 33 consecutive wins (HOBe, DsMo, HaHu, NaIE, FoAK, MfVM, GrFE, TrWn, MiSk, DDGl, CeWr, VSAs, DrWz, HuFi, OgAM, SpEn, KoAr, HECj, VpNe, DEEE, TeSu, FeTm, DgAE, GhCK, OpCj, MuAs, MiWn, TrSk, DDEE, MfAK, GrGl, DrFE, TrAM), and can keep going!
  1355 | D:4      | ololoev: !streak zxc
  1355 | D:4      | beem: zxc has 33 consecutive wins (HOBe, DsMo, HaHu, NaIE, FoAK, MfVM, GrFE, TrWn, MiSk, DDGl, CeWr, VSAs, DrWz, HuFi, OgAM, SpEn, KoAr, HECj, VpNe, DEEE, TeSu, FeTm, DgAE, GhCK, OpCj, MuAs, MiWn, TrSk, DDEE, MfAK, GrGl, DrFE, TrAM), and can keep going!
  1355 | D:4      | ololoev: ppx
  1355 | D:4      | jacquesderrida: nebloho
  1431 | D:4      | Found Joegetil's Armour Shoppe.
  1451 | D:4      | jacquesderrida: Клевый скейл...
  1457 | D:4      | jacquesderrida: Для табира
  1487 | D:4      | jacquesderrida: "When I first opened the tin, the smell was queer"
  1487 | D:4      | jacquesderrida: Zhest
  1498 | D:4      | jacquesderrida: Одни старые пердуны курят трубки!
  1550 | D:4      | Noticed Natasha
  1554 | D:4      | Killed Natasha
  1554 | D:4      | Reached skill level 7 in Spellcasting
  1554 | D:4      | Reached skill level 5 in Conjurations
  1656 | D:4      | Bought a black potion for 27 gold pieces
  1656 | D:4      | Bought a fuming yellow potion for 27 gold pieces
  1685 | D:4      | Noticed Natasha
  1703 | D:4      | Killed Natasha
  2026 | D:6      | Reached XP level 8. HP: 34/41 MP: 15/21
  2031 | D:6      | Gained mutation: Your spells are a little harder to cast, but a little more powerful. [mutagenic meat]
  2034 | D:6      | Noticed Sigmund
  2043 | D:6      | Killed Sigmund
  2077 | D:6      | Reached skill level 8 in Spellcasting
  2130 | D:6      | Noticed Edmund
  2141 | D:6      | Killed Edmund
  2311 | D:6      | Found a shimmering altar of Xom.
  2341 | D:7      | Found a staircase to the Ecumenical Temple.
  2357 | Temple   | Entered the Ecumenical Temple
  2374 | Temple   | Became a worshipper of Vehumet
  2481 | D:7      | Reached skill level 9 in Spellcasting
  2491 | D:7      | Found a burning altar of Makhleb.
  2787 | D:8      | Found a staircase to the Lair.
  2807 | D:8      | Reached XP level 9. HP: 45/45 MP: 8/24
  2842 | D:7      | Reached skill level 10 in Spellcasting
  2935 | D:8      | Reached * piety under Vehumet
  2935 | D:8      | Offered knowledge of Magic Dart by Vehumet.
  3401 | D:9      | Reached skill level 11 in Spellcasting
  3476 | D:9      | Reached XP level 10. HP: 50/50 MP: 9/27
  3570 | D:9      | Found a flagged portal.
  3577 | Bailey   | Entered a bailey
  3580 | Bailey   | Reached ** piety under Vehumet
  3625 | Bailey   | Offered knowledge of Shock by Vehumet.
  3672 | Bailey   | Reached skill level 10 in Fire Magic
  3756 | Bailey   | jacquesderrida: Дерьмовый бейли
  3757 | Bailey   | jacquesderrida: Зато простой...
  3779 | Bailey   | ololoev: lol
  3779 | Bailey   | jacquesderrida: С ПОВЫШЕНИЕМ
  3779 | Bailey   | ololoev: мой гнолл мутировал!
  3800 | Bailey   | jacquesderrida: apasna
  3834 | Bailey   | jacquesderrida: Хотя с 11 АС - ниочинь
  3924 | Bailey   | jacquesderrida: 17 камней!
  3928 | Bailey   | ololoev: wow!
  3928 | Bailey   | jacquesderrida: Q U A L I T Y bailey
  4007 | D:8      | Noticed Pikel
  4009 | D:8      | Killed Pikel
  4080 | D:9      | Offered knowledge of Ignite Poison by Vehumet.
  4216 | D:10     | Entered Level 10 of the Dungeon
  4240 | D:10     | Reached skill level 12 in Spellcasting
  4240 | D:10     | Reached skill level 10 in Conjurations
  4240 | D:10     | Reached *** piety under Vehumet
  4337 | D:10     | Found a sacrificial altar of Ru.
  4494 | D:11     | Noticed a hill giant
  4498 | D:11     | Killed a hill giant
  4593 | D:10     | Noticed a gargoyle
  4596 | D:10     | Killed a gargoyle
  4638 | D:12     | Offered knowledge of Airstrike by Vehumet.
  4709 | D:12     | Reached XP level 11. HP: 47/54 MP: 16/29
  4763 | D:12     | Found a staircase to the Orcish Mines.
  4802 | D:12     | Reached skill level 13 in Spellcasting
  4999 | D:12     | Reached **** piety under Vehumet
  5042 | D:12     | Goblin1989: +5 роба
  5045 | D:12     | Goblin1989: нодевайсхил
  5047 | D:12     | Goblin1989: +10 реген
  5050 | D:12     | Goblin1989: этакак?!
  5050 | D:12     | ololoev: ты теперь вайнсталкер
  5050 | D:12     | Goblin1989: не
  5050 | D:12     | ololoev: да
  5050 | D:12     | Goblin1989: я же воин!
  5053 | D:12     | Offered knowledge of Bolt of Magma by Vehumet.
  5058 | D:12     | ololoev: теперь ты вайнсталкер
  5058 | D:12     | Goblin1989: Я купил щит с курсом и - 6 инты
  5086 | D:12     | Goblin1989: а +10 реген это сколько хп за ход?
  5131 | D:12     | ololoev: +2.5
  5132 | D:12     | Found a frozen archway.
  5134 | D:12     | Goblin1989: хм
  5157 | IceCv    | Entered an ice cave
  5167 | IceCv    | Goblin1989: а обычный реген это 1 хп за ход.
  5169 | IceCv    | Goblin1989: пичалько
  5319 | IceCv    | Reached ***** piety under Vehumet
  5319 | IceCv    | Offered knowledge of Iskenderun's Mystic Blast by Vehumet.
  5323 | IceCv    | Reached skill level 14 in Spellcasting
  5432 | Orc:1    | Entered Level 1 of the Orcish Mines
  5482 | Orc:1    | Noticed an orc warlord
  5518 | Orc:1    | Killed an orc warlord
  5536 | Orc:1    | ololoev: FE STRONGG!
  5648 | Orc:1    | Noticed an orc high priest
  5652 | Orc:1    | Killed an orc high priest
  5652 | Orc:1    | Reached XP level 12. HP: 47/59 MP: 10/32
  5685 | Orc:2    | Entered Level 2 of the Orcish Mines
  5808 | Orc:1    | Noticed Fannar
  5811 | Orc:1    | Killed Fannar
  6024 | Orc:1    | Noticed an orc high priest
  6027 | Orc:1    | Killed an orc high priest
  6163 | Orc:1    | Found a roughly hewn altar of Beogh.
  6237 | Orc:1    | Reached skill level 15 in Spellcasting
  6589 | Orc:2    | Noticed Rupert
  6688 | Orc:2    | Reached skill level 1 in Fighting
  6770 | Orc:2    | Killed Rupert
  6883 | Orc:2    | Found Nidghiwk's Jewellery Boutique.
  6919 | Orc:2    | Found a roughly hewn altar of Beogh.
  6984 | Orc:2    | Shot with a bolt by an orc knight

Dungeon Overview and Level Annotations

Branches:
Dungeon (12/15)            Temple (1/1) D:7            Lair (0/8) D:8
    Orc (2/2) D:12
    Elf: Orc:2

Altars:
Dithmenos
Fedhas
Gozag
Makhleb
Nemelex Xobeh
Qazlal
Ru
Sif Muna
Vehumet
Xom
Zin
The Shining One
Beogh

Shops:
D:4 }(*[[   Orc:2 =


Message History

There is an open door here.
What do you say? t - Shout!
Orders for allies: a - Attack new target. r - Retreat! s - Stop attacking. w - Wait here. f - Follow me.
Anything else - Stay silent.
You shout for attention!
You hear a shout! x2
You swing at nothing.
You swing at nothing.
You are feeling hungry.
You swing at nothing.
You swing at nothing.
Eat one of 9 chunks of flesh? (ye/n/q/i?) This raw flesh tastes terrible.
HP restored.
You continue eating. x2
There is an open door here.
What do you say? t - Shout!
Orders for allies: a - Attack new target. r - Retreat! s - Stop attacking. w - Wait here. f - Follow me.
Anything else - Stay silent.
You shout for attention!
What do you say? t - Shout!
Orders for allies: a - Attack new target. r - Retreat! s - Stop attacking. w - Wait here. f - Follow me.
Anything else - Stay silent.
You shout for attention!
What do you say? t - Shout!
Orders for allies: a - Attack new target. r - Retreat! s - Stop attacking. w - Wait here. f - Follow me.
Anything else - Stay silent.
You shout for attention!
There is an open door here.
You swing at nothing.
You swing at nothing.
You swing at nothing.
There is an open door here.
You open the door.
An orc knight, an orc sorcerer and 2 ogres come into view.
The orc sorcerer shouts!
The ogre shouts!
There is an open door here.
Casting: Sticky Flame
Confirm with . or Enter, or press ? or * to list all spells.
Aiming: Conjure Flame
Press: ? - help, Dir - move target cursor The fire roars!
The ogre hits you with a giant club!
Casting: Conjure Flame
Confirm with . or Enter, or press ? or * to list all spells.
Aiming: Sticky Flame
Press: ? - help, Shift-Dir - straight line, f - ogre
Aim: an ogre, wielding a giant club The sticky flame hits the ogre.
The ogre is severely wounded.
The ogre is covered in liquid flames!
The ogre burns!
You block the ogre's attack.
You swing at nothing.
The ogre burns!
You kill the ogre!
Vehumet accepts your kill.
The orc knight is engulfed in roaring flames.
The orc knight unwields an uncursed battleaxe.
The orc knight wields a runed arbalest.
It is covered in frost.
The orc knight shoots a bolt.
The bolt hits you!!
Ouch! That really hurt!
The bolt freezes you.
Read which item? (? for menu, Esc to quit)
Blink to where?
Press: ? - help, Dir - move target cursor You are very lightly contaminated with residual magic.
As you read the scroll of blinking, it crumbles to dust.
You close the door.
An orc knight opens the door.
There is an open door here.
The orc knight shoots a bolt.
The bolt hits you!!
You die...

You could see an orc knight.

Vanquished Creatures
  Rupert (Orc:2)
  An orc warlord (Orc:1)
  Fannar (Orc:1)
  2 orc high priests (Orc:1)
  A hill giant (D:11)
  Pikel (D:8)
  3 orc knights
  A cyclops (D:12)
  2 orc sorcerers
  A centaur zombie (D:12)
  2 ice statues (IceCv)
  A gargoyle (D:10)
  2 centaur skeletons (D:12)
  10 ice devils (IceCv)
  A troll (D:12)
  5 two-headed ogres
  A slime creature (D:12)
  Grinder (D:4)
  Sigmund (D:6)
  7 yaks
  A hungry ghost (D:9)
  2 hippogriffs
  Edmund (D:6)
  4 porcupines
  25 orc warriors
  2 sky beasts
  2 phantoms
  4 slaves (D:8)
  2 black bears
  An ice beast (D:10)
  8 ogres
  2 crocodiles
  6 giant frogs
  8 gnoll sergeants (Bailey)
  A wyvern skeleton (D:12)
  3 scorpions
  2 killer bees (D:12)
  11 howler monkeys
  4 wights
  6 crimson imps
  7 hounds
  A quasit (D:10)
  A giant frog zombie (D:12)
  23 orc priests
  5 gnoll shamans (Bailey)
  15 orc wizards
  Natasha (twice) (D:4)
  5 iguanas
  8 worker ants
  4 hound skeletons
  Robin (D:4)
  13 gnolls
  A river rat (D:8)
  15 adders
  2 shadow imps
  18 white imps
  5 ufetubi (IceCv)
  3 adder skeletons
  3 dart slugs
  4 giant geckos
  66 orcs
  4 bats
  2 giant cockroaches
  13 goblins
  5 hobgoblins
  11 jackals
  5 kobolds
  3 quokkas
  3 ball pythons
  A giant gecko skeleton (D:5)
  4 giant newts
  4 rats
397 creatures vanquished.

Vanquished Creatures (collateral kills)
  A gnoll sergeant (Bailey)
  A gnoll shaman (Bailey)
  3 gnolls (Bailey)
5 creatures vanquished.

Vanquished Creatures (others)
  3 white imps (IceCv)
  2 ufetubi (IceCv)
  An orc (Orc:1)
6 creatures vanquished.

Grand Total: 408 creatures vanquished

Action                   |  1- 3 |  4- 6 |  7- 9 | 10-12 || total
-------------------------+-------+-------+-------+-------++-------
Melee: Unarmed           |     5 |       |       |       ||     5
       Flail             |       |       |    40 |    49 ||    89
       Dagger            |       |       |     4 |    19 ||    23
       Staff             |       |       |       |     7 ||     7
Throw: Throwing net      |       |       |     1 |       ||     1
 Cast: Flame Tongue      |    41 |    42 |   144 |   143 ||   370
       Sticky Flame      |       |     8 |    19 |    26 ||    53
       Inner Flame       |       |     3 |     4 |    26 ||    33
       Conjure Flame     |       |     3 |     3 |    17 ||    23
       Fireball          |       |       |    12 |   148 ||   160
Evoke: Wand              |       |     4 |       |    30 ||    34
  Use: Potion            |       |     2 |       |     1 ||     3
       Scroll            |       |       |       |    17 ||    17
 Stab: Paralysed         |       |       |       |     5 ||     5
       Confused          |       |       |       |     1 ||     1
  Eat: Chunk             |       |     3 |    12 |    19 ||    34
       Royal jelly       |       |       |       |     1 ||     1
Armor: Robe              |     7 |       |       |    13 ||    20
       Animal skin       |       |     5 |    36 |    34 ||    75
Dodge: Dodged            |    19 |    17 |    67 |   102 ||   205
Block: Other             |       |       |     3 |    35 ||    38
       Reflection        |       |       |       |     2 ||     2

Vault maps used:
D:1:      dpeg_arrival_boxorama, glass_columns_b, minmay_misc_feat_nine_boxes
D:2:      minivault_23
D:3:      kennysheep_okawaru_gauntlet, kiku_gazebo_pond_becter, bloody_trog,
          grunt_gozag_statues, nicolae_tso_carved_into_rock
D:4:      first_bread, serial_shops, nicolae_shop_behind_doors,
          kennysheep_mini_moat, nicolae_shop_temple_entry_statues_fountains,
          shop, shop, kennysheep_generic_room_10, uniq_robin, uniq_grinder,
          uniq_natasha
D:6:      elyvilon_altar_3, xom_teletrap_fun, uniq_sigmund, uniq_edmund
D:7:      kennysheep_mini, temple_pool_a
D:8:      overflow_temple_1_default, minmay_lair_entry_grove, uniq_pikel
D:9:      enter_bailey_3
D:10:     basic_altar
D:11:     uniq_maurice
D:12:     david_orc_2, portal_ice_cave_entry_imps, serial_shops, shop_statue,
          hangedman_fish_farm
Temple:   circular_temple_12
Orc:1:    orc_temple, uniq_fannar
Orc:2:    pubby_orc_utopia, uniq_rupert
Bailey:   bailey_polearm_gnolls_kennysheep, bailey
IceCv:    ice_cave_small_demon
